 Dungeon Crawl Stone Soup version 0.24.0-1-gfbc8707 (webtiles) character file.

Game seed: 17897257596695802676, levelgen mode: deterministic

166 Illumine the Magician (level 5, -4/35 HPs)
             Began as a Mummy Wizard on Nov 15, 2019.
             Slain by Pikel
             ... wielding a +2 whip of flaming
              (6 damage)
             ... on level 4 of the Dungeon.
             The game lasted 00:09:01 (4464 turns).

Illumine the Magician (Mummy Wizard)                Turns: 4464, Time: 00:09:02

Health: -4/35      AC:  2    Str: 10    XL:     5   Next: 22%
Magic:  5/12       EV: 12    Int: 19    God:
Gold:   85         SH:  0    Dex: 10    Spells: 1/14 levels left

rFire    x . .     SeeInvis .   m - +0 short sword
rCold    + . .     Gourm    .   (no shield)
rNeg     + + +     Faith    .   a - +0 robe
rPois    ∞         Spirit   .   b - +0 hat
rElec    .         Reflect  .   (no cloak)
rCorr    .         Harm     .   (no gloves)
MR       .....                  (no boots)
Stlth    ++........             (no amulet)
HPRegen  0.11/turn              (no ring)
MPRegen  0.13/turn              (no ring)

@: no status effects
A: no food or potions, fire vulnerability, cold resistance 1, negative energy
resistance 3, torment resistance, unbreathing
a: no special abilities


You were on level 4 of the Dungeon.
You were not hungry.

You visited 1 branch of the dungeon, and saw 4 of its levels.

You collected 85 gold pieces.

Inventory:

Hand Weapons
 i - a +0 dagger
 m - a +0 short sword (weapon)
Missiles
 n - 13 poisoned darts (quivered)
Armour
 a - a +0 robe (worn)
 b - a +0 hat (worn)
Jewellery
 h - an uncursed amulet of regeneration {unknown}
Scrolls
 c - 5 scrolls of teleportation {unknown}
 d - a scroll of enchant weapon {unknown}
 e - 4 scrolls of enchant armour {unknown}
 f - a scroll of identify {unknown}
 g - a scroll of remove curse {unknown}
 j - a scroll of amnesia {unknown}
 k - a scroll of random uselessness {unknown}
 l - 3 scrolls of fear {unknown}


   Skills:
 + Level 1.8 Dodging
 - Level 1.5 Stealth
 + Level 5.3 Spellcasting
 + Level 2.4 Conjurations
 + Level 1.5 Summonings
 + Level 1.6 Translocations


You had one spell level left.
You knew the following spells:

 Your Spells              Type           Power        Failure   Level  Hunger
a - Magic Dart            Conj           ##..         4%          1    N/A
b - Call Imp              Summ           ##......     10%         2    N/A
c - Blink                 Tloc           N/A          10%         2    N/A
d - Slow                  Hex            #.......     19%         2    N/A
e - Conjure Flame         Conj/Fire      #.......     22%         3    N/A
f - Mephitic Cloud        Conj/Pois/Air  #.......     26%         3    N/A

Your spell library contained the following spells:

 Spells                   Type           Power        Failure   Level  Hunger


Dungeon Overview and Level Annotations

Branches:
Dungeon (4/15)
 Temple: D:4-7

Altars:
Elyvilon
Nemelex Xobeh
Uskayaw
Xom

Annotations:
D:2 Robin
D:4 Pikel


Innate Abilities, Weirdness & Mutations

You do not eat or drink.
Your flesh is vulnerable to fire.
You are immune to poison.
Your flesh is cold resistant. (rC+)
You are immune to negative energy. (rN+++)
You are immune to unholy pain and torment.
You can survive without breathing.


Message History

The slave seems less confused.
The slave barely misses your crimson imp.
Your crimson imp hits Pikel but does no damage.
Pikel misses you.
Your white imp hits Pikel but does no damage.
The slave hits Pikel but does no damage.
You hit Pikel.
Pikel is severely wounded.
The slave seems less confused.
Your crimson imp barely misses Pikel.
Pikel hits you with a +2 whip of flaming.
* * * LOW HITPOINT WARNING * * *
Pikel burns you.
* * * LOW HITPOINT WARNING * * *
The slave closely misses your crimson imp.
Your crimson imp blinks!
The slave misses your crimson imp.
Your crimson imp hits Pikel.
You hit Pikel.
Pikel is severely wounded.
Pikel hits you with a +2 whip of flaming.
You die...

#............#
##............#######
#....<..............#
#......############.#
#..<...# .#.#
#....p.# .#.#
#!.....# # .#.#
#....l.# #.######.#.#
#......#.#.....@..#.#
#..>..†......pK5.##.#
#.#####......p5.....#
#. .......§..#### #.
K5....>...#
..........#
..######## ..#


You could see Pikel (confused), 2 slaves, 2 friendly crimson imps and a friendly
white imp.

Vanquished Creatures
  An adder (D:3)
  A dart slug (D:1)
  3 leopard geckos
  6 bats
  2 giant cockroaches
  5 goblins
  8 hobgoblins
  4 jackals (D:1)
  2 kobolds (D:1)
  A quokka (D:3)
  2 frilled lizards
  5 rats
40 creatures vanquished.

Vanquished Creatures (collateral kills)
  2 slaves (D:4)
  A sky beast (D:2)
  3 gnolls (D:3)
  5 adders
  2 worms (D:2)
  A dart slug (D:3)
  A leopard gecko (D:1)
  An orc (D:3)
  2 goblins
  4 hobgoblins
  5 jackals
  A kobold (D:2)
  A ball python (D:3)
29 creatures vanquished.

Grand Total: 69 creatures vanquished

Notes
Turn   | Place    | Note
-------+----------+-------------------------------------------
     0 | D:1      | Illumine the Mummy Wizard began the quest for the Orb.
     0 | D:1      | Reached XP level 1. HP: 13/13 MP: 5/5
    81 | D:1      | Reached skill level 1 in Conjurations
   587 | D:1      | Reached XP level 2. HP: 2/19 MP: 0/7
   904 | D:1      | Learned a level 2 spell: Call Imp
  1098 | D:1      | Learned a level 2 spell: Blink
  1968 | D:1      | Reached XP level 3. HP: 24/24 MP: 5/9
  2072 | D:1      | Learned a level 2 spell: Slow
  2076 | D:1      | Learned a level 3 spell: Conjure Flame
  2462 | D:2      | Found a white marble altar of Elyvilon.
  2671 | D:2      | Found a shimmering altar of Xom.
  2682 | D:2      | Noticed a sky beast
  2692 | D:2      | Killed a sky beast
  2692 | D:2      | Reached skill level 5 in Spellcasting
  2692 | D:2      | Reached skill level 1 in Summonings
  2692 | D:2      | Reached skill level 1 in Translocations
  2692 | D:2      | Reached XP level 4. HP: 30/30 MP: 3/11
  2814 | D:2      | Found a hide-covered altar of Uskayaw.
  2815 | D:2      | Noticed Robin
  3149 | D:3      | Learned a level 3 spell: Mephitic Cloud
  3153 | D:3      | Found a sparkling altar of Nemelex Xobeh.
  3416 | D:3      | Reached XP level 5. HP: 19/35 MP: 3/12
  4217 | D:4      | Noticed Pikel
  4217 | D:4      | Noticed a slave
  4218 | D:4      | Noticed a slave
  4218 | D:4      | Noticed a slave
  4220 | D:4      | Noticed a slave
  4228 | D:4      | Killed a slave
  4365 | D:4      | Killed a slave
  4463 | D:4      | HP: 1/35 [Pikel/+2 whip of flaming (4)]
  4464 | D:4      | Slain by Pikel

Levels and vault maps discovered:
D:1:      lemuel_arrival_lava_pool, layout_loops_ring, minivault_4,
          chequers_serial_rivers_small_3, minmay_misc_feat_cross
D:2:      layout_basic, overflow_temple_1_default,
          nicolae_overflow_crystal_walls, lemuel_round_altar, elyvilon_altar_5,
          uniq_robin
D:3:      layout_basic, nemelex_altar_shiori, kennysheep_decorative_pillar
D:4:      layout_basic, kiku_gazebo_pond_becter, okawaru_ov_weapons_minmay,
          minmay_misc_feat_alley, uniq_pikel

Skill      XL: |  1  2  3 |
---------------+----------+-----
Conjurations   | 1 2 |  2.4
Spellcasting   | 5 |  5.3
Summonings     | 1 |  1.5
Translocations | 1 |  1.6
Dodging        | |  1.8
Stealth        | |  1.5

Action                   |  1- 3 |  4- 6 || total
-------------------------+-------+-------++-------
Melee: Unarmed           |    33 |       ||    33
       Dagger            |     1 |       ||     1
       Short sword       |       |    10 ||    10
 Cast: Magic Dart        |    78 |    35 ||   113
       Call Imp          |    13 |    28 ||    41
       Mephitic Cloud    |       |     4 ||     4
       Slow              |       |     1 ||     1
 Stab: Confused          |       |     1 ||     1
Armor: Robe              |    24 |     9 ||    33
Dodge: Dodged            |    63 |    22 ||    85
